 Dungeon Crawl Stone Soup version 0.28-a0-695-gff097466f2 (webtiles) character file.

Game seed: 10688870172206982965

59974 kae the Alchemist (level 14, -2/143 HPs)
             Began as a Pale Draconian Transmuter on Oct 21, 2021.
             Was a Priest of Ru.
             Killed by divine providence
             ... invoked by an orc priest
              (12 damage)
             ... on level 1 of the Orcish Mines on Oct 22, 2021.
             The game lasted 00:23:52 (34403 turns).

kae the Alchemist (Pale Draconian Transmuter)      Turns: 34403, Time: 00:23:53

Health: -2/143     AC: 29    Str: 13    XL:     14   Next: 55%
Magic:  18/21      EV: 14    Int: 18    God:    Ru [***...]
Gold:   1750       SH:  0    Dex: 12    Spells: 8/22 levels left

rFire   . . .      SeeInvis .     - Unarmed
rCold   . . .      Faith    .   (no shield)
rNeg    + + .      Spirit   .   (armour unavailable)
rPois   ∞          Reflect  .   (helmet restricted)
rElec   +          Harm     .   n - +1 cloak
rCorr   .          Rampage  .   (gloves currently unavailable)
Will    ++...                   (boots currently unavailable)
Stlth   +.........              c - amulet of the acrobat
HPRegen 0.33/turn               d - ring of positive energy
MPRegen 0.17/turn               g - ring of willpower

@: statue-form, unable to drink, very slow
A: slow and powerful, torment resistance 1, boosted hp, no potions, (breathe
steam), AC +8, unfitting armour, cold-blooded, inability to drink while
threatened, inability to use devices, steam resistance
a: End Transformation, Renounce Religion, Draw Out Power


You were on level 1 of the Orcish Mines.
You worshipped Ru.
Ru was most pleased with you.
You were a living statue of rough stone.
You visited 4 branches of the dungeon, and saw 21 of its levels.
You also visited: Sewer.

You collected 2290 gold pieces.
You spent 540 gold pieces at shops.

Inventory:

Missiles
 b - 3 throwing nets
Armour
 n - a +1 cloak (worn)
 H - the +0 pair of gloves "Socuinirch" (melded) {+Blink Int+4}
   (You found it on level 6 of the Lair of Beasts)

   Int:       It affects your intelligence (+4).
   +Blink:    It lets you blink.
Jewellery
 c - an amulet of the acrobat (around neck)
 d - a ring of positive energy (left fist)
 g - a ring of willpower (right fist)
 q - an amulet of faith
 s - a ring of protection from fire
 y - a ring of ice
 D - a ring of magical power
 E - an amulet of magic regeneration
 F - an amulet of reflection
 I - a ring of flight
 J - a ring of wizardry
Wands
 h - a wand of acid (13)
 k - a wand of iceblast (37)
 x - a wand of flame (51)
Scrolls
 a - 7 scrolls of teleportation
 r - 2 scrolls of enchant armour
 v - 8 scrolls of identify
 w - 2 scrolls of magic mapping
 z - 2 scrolls of amnesia
 C - a scroll of fear
 G - a scroll of enchant weapon
Potions
 e - 3 potions of brilliance
 f - 3 potions of heal wounds
 i - 3 potions of mutation
 j - a potion of cancellation
 l - 8 potions of ambrosia
 m - a potion of berserk rage
 o - 4 potions of curing
 p - 5 potions of haste
 t - 4 potions of flight
 u - 2 potions of resistance
 B - a potion of invisibility


   Skills:
 - Level 6.0 Fighting
 - Level 6.0 Dodging
 - Level 13.0 Unarmed Combat
 + Level 4.9 Spellcasting
 - Level 17.6 Transmutations
 - Level 4.0 Ice Magic
 - Level 10.0 Earth Magic
 - Level 2.0 Poison Magic


You had 8 spell levels left.
You knew the following spells:

 Your Spells              Type           Power      Damage    Failure   Level
a - Beastly Appendage     Tmut           100%       N/A       0%          1
b - Spider Form           Tmut/Pois      19%        N/A       1%          3
c - Ice Form              Ice/Tmut       43%        N/A       1%          4
d - Statue Form           Tmut/Erth      34%        N/A       7%          6

Your spell library contained the following spells:

 Spells                   Type           Power      Damage    Failure   Level
 Wereblood                Tmut           61%        N/A       0%          2
 Passwall                 Tmut/Erth      43%        N/A       1%          2
 Petrify                  Tmut/Erth      52%        N/A       1%          4
 Freeze                   Ice            72%        1d9       2%          1
 Ignite Poison            Fire/Tmut/Pois 27%        N/A       2%          3
 Stone Arrow              Conj/Erth      44%        3d9       5%          3
 Frozen Ramparts          Ice            36%        1d5       8%          3
 Ensorcelled Hibernation  Hex/Ice        22%        N/A       9%          2
 Animate Skeleton         Necr           8%         N/A       14%         1
 Pain                     Necr           16%        1d4       14%         1
 Shock                    Conj/Air       16%        1d4       14%         1
 Leda's Liquefaction      Hex/Erth       11%        N/A       17%         4
 Blink                    Tloc           N/A        N/A       21%         2
 Corpse Rot               Necr/Air       8%         N/A       21%         2
 Slow                     Hex            4%         N/A       21%         2
 Static Discharge         Conj/Air       4%         N/A       21%         2
 Mephitic Cloud           Conj/Pois/Air  6%         N/A       30%         3
 Call Canine Familiar     Summ           4%         N/A       38%         3
 Confusing Touch          Hex            4%         N/A       38%         3
 Lesser Beckoning         Tloc           4%         N/A       38%         3
 Portal Projectile        Hex/Tloc       8%         N/A       38%         3
 Swiftness                Air            4%         N/A       38%         3
 Tukima's Dance           Hex            4%         N/A       38%         3
 Vampiric Draining        Necr           2%         2d6       38%         3
 Hailstorm                Conj/Ice       11%        3d5       52%         4
 Airstrike                Air            2%         N/A       80%         4
 Dispel Undead            Necr           4%         3d7       80%         4
 Sticky Flame             Conj/Fire      4%         2d3       80%         4
 Metabolic Englaciation   Hex/Ice        5%         N/A       86%         5
 Freezing Cloud           Conj/Ice/Air   4%         6-21      91%         5
 Agony                    Necr           4%         N/A       98%         5
 Excruciating Wounds      Necr           2%         N/A       98%         5
 Manifold Assault         Tloc           4%         N/A       98%         5
 Death Channel            Necr           2%         N/A       100%        6
 Invisibility             Hex            2%         N/A       100%        6
 Lehudib's Crystal Spear  Conj/Erth      11%        10d4      100%        8
 Animate Armour           Summ/Erth      Unusable   N/A       N/A         4

Dungeon Overview and Level Annotations

Branches:
Dungeon (13/15)            Temple (1/1) D:5            Lair (6/6) D:9
  Swamp (0/4) Lair:2        Snake (0/4) Lair:4        Slime (0/5) Lair:6
    Orc (1/2) D:9           Sewer (visited)
 Vaults: D:13-14

Altars:
Ashenzari
Cheibriados
Dithmenos
Elyvilon
Fedhas
Gozag
Hepliaklqana
Kikubaaqudgha
Makhleb
Nemelex Xobeh
Okawaru
Qazlal
Ru
Sif Muna
Trog
Uskayaw
Vehumet
Wu Jian
Xom
Yredelemnul
Zin
The Shining One

Shops:
D:5 [   D:8 [   D:11 :

Annotations:
D:7 2 transporters
Lair:6 3 runed translucent doors, kae's ghost, journeyman DrTm


Innate Abilities, Weirdness & Mutations

You are a living statue of rough stone.
Your actions are slow, but your melee attacks are powerful.
You are resistant to unholy torment.
Your maximum health is greatly increased.
You are immune to poison.
Your equipment is partially melded.
You cannot drink.
((You can breathe blasts of scalding, opaque steam.))
((Your pale cyan-grey scales are hard. (AC +8)))
You cannot fit into any form of body armour.
You are cold-blooded and may be slowed by cold attacks.
You sometimes lose the ability to drink potions when taking damage.
You cannot study or use magical devices.
You are immune to the effects of steam.


Message History

The orc knight hits you but does no damage.
The orc hits you but does no damage. The ogre hits you with a +0 giant club!
You hit the orc knight but do no damage.
The orc knight is moderately wounded.
The orc priest mumbles some strange prayers to Beogh against you.
Beogh smites you!
The orc knight hits you with a +0 long sword!
The ettin barely misses you.
The ettin hits you with a +0 dire flail!!
You feel threatened and lose the ability to drink potions!
The orc barely misses you. The orc misses you. The orc closely misses you.
You hit the orc knight but do no damage.
The orc knight is moderately wounded.
The ogre closely misses you. The ettin completely misses you.
The ettin barely misses you. The orc misses you.
The orc hits you but does no damage. The orc hits you with a +0 falchion.
The orc misses you.
The orc knight hits you with a +0 long sword.
The ettin hits you with a +0 great mace!
The ettin hits you with a +0 dire flail.
The orc hits you but does no damage.
The orc priest invokes the aid of Beogh against you.
Beogh smites you!
* * * LOW HITPOINT WARNING * * *
The orc knight completely misses you. The orc misses you. The ogre misses you.
The orc priest calls down the wrath of Beogh upon you.
Beogh smites you!
* * * LOW HITPOINT WARNING * * *
The orc knight barely misses you. The ettin closely misses you.
The ettin hits you with a +0 dire flail!
* * * LOW HITPOINT WARNING * * *
Blink to where?
Press: ? - help, Dir - move target
As you read the scroll of blinking, it crumbles to dust.
The orc no longer looks unusually strong.
The orc no longer looks unusually strong.
The orc knight begins to attack, but is stunned by your conviction!
The orc priest invokes the aid of Beogh against you.
Beogh smites you!
You die...

..>........#.................##
......#o.............>........#
......).)..#.....#............##
.......oo...#...#......#.#.....#
#......o..oo..^#........#.#...##
##....#.ooo....#.............##
##.....#o..#O#.#.......#....##
###.........................#
###.......#8...........#.##
##.##....##..........###
#####.........#....##
#........###...#
##......##.##.## ####.......###
#....##.## #..#.# .# #...... #


You could see an orc knight, an ogre, an orc priest (strong) and 4 orcs.

Vanquished Creatures
  Rupert (Lair:3)
  A dire elephant (Lair:5)
  Fannar (D:11)
  6 hydras
  4 two-headed ogres
  13 death yaks
  Urug (Lair:3)
  Nergalle (D:11)
  Sonja (Lair:4)
  A fire crab (Lair:5)
  A manticore (D:12)
  2 cyclopes
  20 elephants
  A black mamba (Lair:6)
  3 torpor snails
  A rime drake (Lair:6)
  17 cane toads
  Psyche (D:10)
  12 komodo dragons
  An efreet (D:13)
  A queen bee (Lair:1)
  Grinder (D:5)
  2 polar bears
  6 slime creatures (D:13)
  A dream sheep (Lair:3)
  3 tyrant leeches (Lair:6)
  14 blink frogs
  A vampire (D:11)
  A spriggan (Lair:3)
  7 wyverns
  2 shadows (D:11)
  5 wraiths
  47 yaks
  A steam dragon (D:5)
  3 basilisks
  5 vampire mosquitoes (Lair:6)
  A warg (D:9)
  A swamp worm (Lair:2)
  4 nagas (Lair:4)
  2 acid dragons
  12 water moccasins
  6 orc warriors
  An ice beast (D:7)
  A black bear (D:6)
  A necrophage (D:8)
  2 sky beasts (D:6)
  10 wolves
  2 ogres
  5 centaurs
  A phantom (D:7)
  Blork the orc (D:5)
  14 bullfrogs
  2 scorpions
  2 water moccasin zombies
  A water moccasin skeleton (D:6)
  A wyvern skeleton (D:7)
  32 killer bees
  6 wights
  6 howler monkeys
  3 electric eels
  2 centaur zombies
  3 bullfrog zombies
  3 hounds
  11 orc priests
  A centaur skeleton (D:6)
  Terence (D:3)
  3 iguanas
  Ijyb (D:3)
  12 orc wizards
  A killer bee zombie (D:9)
  Robin (D:2)
  8 gnolls
  11 adders
  2 white imps
  An ufetubus (D:5)
  3 worms (D:2)
  A dart slug (D:1)
  40 orcs
  9 ball pythons
  5 endoplasms
  4 giant cockroaches
  10 goblins
  12 hobgoblins
  4 jackals (Sewer)
  13 kobolds
  3 quokkas
  7 bats
  5 frilled lizards
  5 rats
488 creatures vanquished.

Vanquished Creatures (others)
  31 fungi
  112 plants
143 creatures vanquished.

Grand Total: 631 creatures vanquished

Notes
Turn   | Place    | Note
-------+----------+-------------------------------------------
     0 | D:1      | kae the Draconian Transmuter began the quest for the Orb.
     0 | D:1      | Reached XP level 1. HP: 16/16 MP: 3/3
   457 | D:1      | Reached XP level 2. HP: 23/23 MP: 3/5
  1080 | D:2      | Noticed Robin
  1122 | D:3      | Reached XP level 3. HP: 20/29 MP: 6/6
  1126 | D:3      | Learned a level 3 spell: Spider Form
  1257 | D:2      | Killed Robin
  1796 | D:3      | Noticed Ijyb
  1816 | D:3      | Noticed Terence
  1825 | D:3      | Killed Terence
  1826 | D:3      | Reached XP level 4. HP: 22/37 MP: 3/7
  2012 | D:4      | Found an opulent altar of Gozag.
  2655 | D:3      | Reached skill level 3 in Transmutations
  2655 | D:3      | Reached skill level 1 in Poison Magic
  2791 | D:3      | Killed Ijyb
  2792 | D:3      | Reached XP level 5. HP: 36/42 MP: 4/8
  2875 | D:3      | Learned a level 4 spell: Ice Form
  3033 | D:3      | Noticed an ogre
  3041 | D:3      | Killed an ogre
  3042 | D:3      | Reached skill level 1 in Ice Magic
  3042 | D:3      | Reached XP level 6. HP: 50/51 MP: 2/9
  3392 | D:3      | Found a faded altar of an unknown god.
  3403 | D:3      | Reached skill level 5 in Unarmed Combat
  5204 | D:4      | Your scales start taking on a pale cyan-grey colour.
  5204 | D:4      | Reached XP level 7. HP: 32/57 MP: 2/10
  5204 | D:4      | Gained mutation: You are immune to the effects of steam.
                  | [Pale Draconian growth]
  5909 | D:4      | Reached skill level 4 in Transmutations
  6344 | D:5      | Entered Level 5 of the Dungeon
  6344 | D:5      | Noticed Grinder
  6566 | D:5      | Noticed a steam dragon
  6630 | D:5      | Found a glowing drain.
  6660 | Sewer    | Entered a sewer
  7768 | D:5      | Noticed Blork the orc
  7777 | D:5      | Killed Blork the orc
  7901 | D:5      | Killed Grinder
  7902 | D:5      | Reached XP level 8. HP: 29/63 MP: 8/11
  8083 | D:5      | Reached skill level 5 in Transmutations
  8761 | D:5      | Found a bloodstained altar of Trog.
  8831 | D:5      | Found Duosteuc's Antique Armour Shoppe.
  8965 | D:5      | Found a burning altar of Makhleb.
  9029 | D:5      | Found a staircase to the Ecumenical Temple.
  9037 | Temple   | Entered the Ecumenical Temple
  9198 | Temple   | Became a worshipper of Ru the Awakened
  9464 | D:6      | Reached skill level 6 in Transmutations
  9470 | D:6      | Reached XP level 9. HP: 69/69 MP: 7/12
  9791 | D:6      | Reached skill level 10 in Unarmed Combat
  9797 | D:6      | Reached skill level 7 in Transmutations
 11317 | D:7      | Found an ancient bone altar of Kikubaaqudgha.
 11317 | D:7      | Noticed a boulder beetle
 11317 | D:7      | Noticed a four-headed hydra
 11319 | D:7      | Found a transporter.
 11319 | D:7      | Noticed a green ugly thing
 11328 | D:7      | Found a transporter.
 11680 | D:7      | Noticed a cyclops
 11854 | D:7      | Killed a cyclops
 11855 | D:7      | Reached skill level 8 in Transmutations
 11855 | D:7      | Reached XP level 10. HP: 57/78 MP: 9/13
 12361 | D:7      | Found a glowing golden altar of the Shining One.
 12387 | D:8      | Identified a scroll of acquirement
 12387 | D:8      | Acquired 863 gold pieces
 12935 | D:8      | Found Wapta's Antique Armour Boutique.
 13321 | D:9      | Found a sparkling altar of Nemelex Xobeh.
 13715 | D:9      | Found a staircase to the Lair.
 14563 | D:9      | Found a staircase to the Orcish Mines.
 14810 | D:9      | Reached skill level 5 in Fighting
 15218 | D:9      | Identified the +7 glaive "Geuxomp" {vorpal, rPois rN+
                  | rCorr}
 15288 | D:10     | Entered Level 10 of the Dungeon
 15333 | D:10     | Reached skill level 9 in Transmutations
 15598 | D:10     | Noticed Psyche
 15603 | D:10     | Killed Psyche
 15843 | D:10     | Reached XP level 11. HP: 78/89 MP: 14/14
 16477 | D:11     | Found Kicah's Book Shoppe.
 16510 | D:11     | Bought a book of Sloth for 540 gold pieces
 16517 | D:11     | Learned a level 6 spell: Statue Form
 16552 | D:11     | Noticed Nergalle
 16648 | D:11     | Killed Nergalle
 17059 | D:11     | You fall into a shaft and drop 2 floors!
 17616 | D:13     | Reached skill level 5 in Dodging
 18623 | D:12     | Noticed a two-headed ogre
 18633 | D:12     | Killed a two-headed ogre
 19552 | D:11     | Noticed Fannar
 19649 | D:11     | Reached skill level 10 in Transmutations
 19659 | D:11     | Killed Fannar
 20291 | D:11     | Noticed a two-headed ogre
 20299 | D:11     | Killed a two-headed ogre
 20300 | D:11     | Reached skill level 11 in Transmutations
 20302 | D:11     | Noticed a two-headed ogre
 20466 | D:11     | Killed a two-headed ogre
 20467 | D:11     | Reached XP level 12. HP: 52/96 MP: 14/18
 20600 | D:11     | Noticed a two-headed ogre
 21681 | D:11     | Found Kicah's Book Shoppe.
 21979 | D:10     | Killed a two-headed ogre
 21993 | D:10     | Gained mutation: You cannot study or use magical devices.
                  | [Ru sacrifice]
 21993 | D:10     | Reached * piety under Ru
 21993 | D:10     | Reached ** piety under Ru
 22545 | Lair:1   | Entered Level 1 of the Lair of Beasts
 22597 | D:9      | Reached skill level 12 in Transmutations
 23077 | Lair:1   | You fall into a shaft and drop 1 floor!
 23275 | Lair:2   | Noticed a five-headed hydra
 23382 | Lair:2   | Killed a five-headed hydra
 23383 | Lair:2   | Reached skill level 1 in Earth Magic
 23556 | Lair:2   | Noticed a five-headed hydra
 23556 | Lair:2   | Noticed an eight-headed hydra
 23608 | Lair:1   | Killed a five-headed hydra
 23708 | Lair:1   | Noticed a seven-headed hydra
 23874 | Lair:1   | Killed a seven-headed hydra
 24370 | Lair:1   | Reached skill level 5 in Earth Magic
 24374 | Lair:1   | Reached skill level 13 in Transmutations
 25687 | Lair:1   | Gained mutation: You sometimes lose the ability to drink
                  | potions when taking damage. [Ru sacrifice]
 25687 | Lair:1   | Reached *** piety under Ru
 26130 | Lair:2   | Noticed a death yak
 26130 | Lair:2   | Noticed a death yak
 26132 | Lair:2   | Noticed a death yak
 26145 | Lair:2   | Killed a death yak
 26151 | Lair:2   | Killed a death yak
 26158 | Lair:2   | Killed a death yak
 26358 | Lair:2   | Killed an eight-headed hydra
 26939 | Lair:2   | Found a staircase to the Swamp.
 27447 | Lair:3   | Reached XP level 13. HP: 102/102 MP: 13/19
 27681 | Lair:3   | Noticed Urug
 27692 | Lair:3   | Killed Urug
 28124 | Lair:3   | Noticed Rupert
 28138 | Lair:3   | Killed Rupert
 28139 | Lair:3   | Reached skill level 14 in Transmutations
 28709 | Lair:3   | Upgraded the game from 0.28-a0-691-gad6df49e81 to
                  | 0.28-a0-695-gff097466f2
 29051 | Lair:4   | Noticed Sonja
 29405 | Lair:4   | Found a staircase to the Snake Pit.
 29632 | Lair:4   | Reached skill level 10 in Earth Magic
 29790 | Lair:4   | Killed Sonja
 30533 | Lair:5   | Reached skill level 15 in Transmutations
 30980 | Lair:5   | Noticed a dire elephant
 30991 | Lair:5   | Killed a dire elephant
 31219 | Lair:5   | Reached XP level 14. HP: 110/110 MP: 13/20
 31500 | Lair:5   | Reached skill level 16 in Transmutations
 32140 | Lair:6   | Entered Level 6 of the Lair of Beasts
 32159 | Lair:6   | Noticed kae's ghost (journeyman DrTm)
 32280 | Lair:6   | Reached skill level 17 in Transmutations
 32584 | Lair:6   | Found a runed translucent gate.
 32585 | Lair:6   | Found a runed translucent gate.
 32586 | Lair:6   | Found a runed translucent gate.
 32623 | Lair:6   | Found a staircase to the Slime Pits.
 33500 | Lair:6   | Identified the +0 pair of gloves "Socuinirch" {+Blink
                  | Int+4}
 34345 | Orc:1    | Entered Level 1 of the Orcish Mines
 34403 | Orc:1    | Killed from afar by an orc priest

Illustrated notes

Levels and vault maps discovered:
D:1:      lightli_arrival_noodles, layout_basic, minmay_misc_feat_five
D:2:      layout_basic, uniq_robin
D:3:      layout_basic, hellmonk_ecumenical_altar_run_dry,
          kennysheep_generic_room_9, uniq_terence, uniq_ijyb
D:4:      layout_layer_cave, mainiacjoe_overflow_24_doors,
          minmay_a_box_with_orc_wizards_in_it
D:5:      layout_rooms, lemuel_coloured_pillars_altar, trog_antimagical,
          minmay_temple_entry_junction, portal_sewer_entry_d, serial_shops,
          kennysheep_little_box, uniq_grinder, uniq_blork_the_orc
D:6:      layout_cave_pools, serial_rivers, chequers_serial_rivers_large_b,
          chequers_serial_rivers_small_3, chequers_serial_rivers_micro_d,
          chequers_serial_rivers_micro_e
D:7:      kennysheep_six_static_rooms, layout_basic,
          mainiacjoe_overflow_alcove_1, gammafunk_temple_overflow_arena
D:8:      layout_loops_cross, serial_shops, kennysheep_mini
D:9:      layout_basic, nemelex_xobeh_ov_fountains_minmay, dpeg_oklobed_lair,
          erik_orc_4, ebering_dispersal_statue_hall, columned_hall_lemuel
D:10:     layout_rooms, lemuel_flame_loot_1, uniq_psyche
D:11:     minmay_clustersquares, layout_basic, serial_shops, shop_statue,
          uniq_fannar, uniq_nergalle
D:12:     layout_long_grid, drop_trap
D:13:     minmay_outward_triangles, layout_rooms
Temple:   eino_temple_rhombus
Lair:1:   layout_gridlike, special_room [special_room_bee]
Lair:2:   gammafunk_indiana_jones, layout_layer_cave, palyth_hydra_swamp_entry,
          minmay_holes
Lair:3:   layout_regular_city, grunt_forest_large_clearing_hut, uniq_rupert,
          uniq_urug
Lair:4:   layout_cave_pods, guppyfry_snake_entry_garden,
          infiniplex_staircase_pool, uniq_sonja
Lair:5:   beast_lair_carwin_large_4, layout_small_grid, serial_bayou_shore_a
Lair:6:   minmay_lair_end_frog_pond, layout_hall_layers, slime_dummy,
          maelrawn_ghost_gauntlet_escape, infiniplex_staircase_pool_2
Orc:1:    layout_caves, serial_shops, nicolae_shop_statue_plus,
          nicolae_volcano_entry_vermiform, uniq_snorg

Skill      XL: |  1  2  3  4  5  6  7  8  9 10 11 12 13 14 |
---------------+-------------------------------------------+-----
Fighting       | 2 3 6 |  6.0
Unarmed Combat | 4 5 7 9 11 12 13 | 13.0
Transmutations | 3 4 6 8 9 11 13 15 17 | 17.6
Poison Magic   | 1 2 |  2.0
Ice Magic      | 1 2 3 4 |  4.0
Dodging        | 6 |  6.0
Spellcasting   | 4 |  4.9
Earth Magic    | 7 10 | 10.0

Action                   |  1- 3 |  4- 6 |  7- 9 | 10-12 | 13-15 || total
-------------------------+-------+-------+-------+-------+-------++-------
Melee: Unarmed           |    82 |   167 |   306 |   579 |   506 ||  1640
       Headbutt          |    10 |     3 |       |       |       ||    13
       Kick              |     8 |     4 |       |       |       ||    12
       Tailslap          |     5 |     5 |    11 |    15 |    58 ||    94
       Punch             |       |     1 |     2 |     4 |    32 ||    39
 Cast: Beastly Appendage |    20 |     4 |       |       |       ||    24
       Spider Form       |     2 |    24 |    21 |       |       ||    47
       Ice Form          |       |       |    13 |    55 |       ||    68
       Statue Form       |       |       |       |    12 |    53 ||    65
Invok: Reject Sacrifices |       |       |     1 |       |     1 ||     2
       Sacrifice Drink   |       |       |       |     1 |       ||     1
       Sacrifice Artific |       |       |       |     1 |       ||     1
       Draw Out Power    |       |       |       |       |     1 ||     1
 Abil: Breathe Steam     |       |       |     5 |     2 |       ||     7
       End Transformatio |       |       |       |     1 |       ||     1
  Use: Scroll            |     2 |       |    10 |    16 |     5 ||    33
       Potion            |       |     2 |       |     5 |       ||     7
 Stab: Sleeping          |     1 |     1 |       |       |       ||     2
       Invisible         |       |       |       |     3 |     3 ||     6
       Distracted        |       |       |       |     1 |     3 ||     4
       Paralysed         |       |       |       |       |     3 ||     3
Armor: Skin              |    32 |    37 |    56 |   285 |   299 ||   709
Dodge: Dodged            |    55 |   135 |   209 |   477 |   571 ||  1447

Table legend: (Time is in decaauts)
 A = Elapsed time spent in this place.
 B = Non-inter-level travel time spent in this place.
 C = Inter-level travel time spent in this place.
 D = Time resting spent in this place.
 E = Time spent auto-exploring this place.
 F = Levels seen in this place.
 G = Mean time per level.
                   A        B        C        D        E       F      G
               +--------+--------+--------+--------+--------+-----+--------+
         Total |  35632 |  34491 |   1141 |   3512 |  26808 |  22 | 1619.6 |
       Dungeon |  21884 |  21206 |    678 |   2821 |  16060 |  13 | 1683.4 |
        Temple |    171 |    143 |     28 |      0 |    129 |   1 |  171.0 |
          Lair |  12296 |  11862 |    434 |    497 |   9695 |   6 | 2049.3 |
  Orcish Mines |     61 |     61 |      0 |      0 |     41 |   1 |   61.0 |
         Sewer |   1218 |   1218 |      0 |    194 |    882 |   1 | 1218.0 |
               +--------+--------+--------+--------+--------+-----+--------+

Top non-repeatable levels by time:
    D:11: 2629 daAuts
     D:4: 2582 daAuts
     D:9: 2535 daAuts
  Lair:1: 2503 daAuts
  Lair:6: 2302 daAuts
  Lair:4: 2268 daAuts
    D:10: 2111 daAuts
  Lair:2: 1969 daAuts
     D:3: 1866 daAuts
     D:6: 1715 daAuts
  Lair:5: 1672 daAuts
  Lair:3: 1579 daAuts
    D:12: 1481 daAuts
     D:7: 1430 daAuts
     D:5: 1408 daAuts
